 Dungeon Crawl Stone Soup version 0.22.0-38-g04b72b8 (webtiles) character file.

1044 Marcoleric the Cudgeler (level 8, -4/73 HPs)
             Began as a Gargoyle Fighter on Aug 27, 2018.
             Killed by divine providence
             ... invoked by an orc priest
              (12 damage)
             ... on level 6 of the Dungeon.
             The game lasted 00:22:29 (3967 turns).

Marcoleric the Cudgeler (Gargoyle Fighter)          Turns: 3967, Time: 00:22:31

Health: -4/73      AC: 19    Str: 26    XL:     8   Next: 25%
Magic:  8/8        EV:  6    Int: 10    God:
Gold:   233        SH: 10    Dex:  9    Spells: 7/7 levels left

rFire    . . .     SeeInvis .   a - +3 flail
rCold    . . .     Gourm    .   c - +0 shield
rNeg     + . .     Faith    .   h - +0 chain mail
rPois    ∞         Spirit   .   q - +0 helmet
rElec    +         Reflect  .   i - +0 cloak
rCorr    .         Harm     .   (no gloves)
MR       .....                  g - +0 pair of boots
Stlth    ..........             (no amulet)
HPRegen  0.22/turn              (no ring)
MPRegen  0.11/turn              (no ring)

@: berserking, very quick
A: negative energy resistance 1, electricity resistance, unbreathing,
petrification resistance, rot immunity, AC +5
a: no special abilities


You were on level 6 of the Dungeon.
You were not hungry.

You visited 1 branch of the dungeon, and saw 6 of its levels.

You collected 233 gold pieces.

Inventory:

Hand Weapons
 a - a +3 flail (weapon)
 p - the +10 trident of Sunlight {freeze, *Drain rElec rF+++ MR-, unknown}
   (You found it on level 4 of the Dungeon)

   It has been specially enchanted to freeze those struck by it, causing extra
   injury to most foes and up to half again as much damage against particularly
   susceptible opponents.
   It can also slow down cold-blooded creatures.
   It renders you almost immune to fire.
   It insulates you from electricity.
   It affects your resistance to hostile enchantments.
   It causes draining when unequipped.
 t - a +4 quarterstaff of chaos
 v - a +0 war axe
Armour
 b - a +0 scale mail
 c - a +0 shield (worn)
 g - a +0 pair of boots (worn)
 h - a +0 chain mail (worn)
 i - a +0 cloak (worn)
 j - a cursed -2 pair of gloves
 k - a +0 ring mail
 q - a +0 helmet (worn)
Magical Staves
 l - an uncursed staff of power {unknown}
Jewellery
 z - a +4 ring of protection {unknown}
Wands
 s - a wand of random effects (9)
 u - a wand of digging (19)
Scrolls
 e - 3 scrolls of remove curse
 n - 2 scrolls of identify
 w - a scroll of fog {unknown}
 x - a scroll of enchant armour {unknown}
 y - a scroll of amnesia {unknown}
 A - 2 scrolls of teleportation
 F - a scroll of fear {unknown}
Potions
 d - 2 potions of might
 m - 4 potions of curing
 o - a potion of mutation {unknown}
 r - a potion of berserk rage
 B - a potion of agility {unknown}
 C - a potion of ambrosia {unknown}
 D - a potion of haste {unknown}
 E - a potion of degeneration {unknown}
Comestibles
 f - 4 rations


   Skills:
 * Level 5.2 Fighting
 * Level 7.1 Maces & Flails
 + Level 4.9 Armour
 + Level 1.1 Dodging
 + Level 0.3 Stealth
 + Level 5.0 Shields


You had 7 spell levels left.
You didn't know any spells.
Your spell library was empty.

Dungeon Overview and Level Annotations

Branches:
Dungeon (6/15)
 Temple: D:4-7

Altars:

Shops:
D:4 [   D:5 *


Innate Abilities, Weirdness & Mutations

You are resistant to torment.
Your stone body is resilient. (AC +5)
You are immune to poison.
You resist negative energy. (rN+)
You are resistant to electric shocks. (rElec)
You can survive without breathing.
You are immune to petrification.
You are immune to rotting.


Message History

You closely miss the orc warrior.
The orc warrior is moderately wounded.
The orc warrior hits you but does no damage.
The orc priest mumbles some strange prayers to Beogh against you.
Pain shoots through your body!
* * * LOW HITPOINT WARNING * * *
You barely miss the orc warrior.
The orc warrior is moderately wounded.
The orc priest calls down the wrath of Beogh upon you.
Pain shoots through your body!
* * * LOW HITPOINT WARNING * * *
The orc wizard hits you but does no damage.
You are too berserk!
You sock the orc warrior!
The orc warrior is almost dead.
The orc warrior hits you with a scimitar.
* * * LOW HITPOINT WARNING * * *
The orc priest mumbles some strange prayers to Beogh against you.
Beogh smites you!
You die...

#.# ###.. ..
..#..# ...
#...?. ...
#..#.# ##.#
#.....##...##
#...o.<.....##
#......o.....#
#....)@o.....#
#.....oo.....#
##..........##
.......##!..##
###..## .)..#
#.. ....# ...
....# #.# ...#


You could see an orc warrior, 2 orc priests and 2 orc wizards.

Vanquished Creatures
  Pikel (D:4)
  A slave (D:4)
  A phantom (D:5)
  Blork the orc (D:4)
  2 scorpions
  A howler monkey (D:5)
  2 orc wizards
  Crazy Yiuf (D:4)
  2 iguanas
  A worker ant (D:5)
  A hound skeleton (D:4)
  6 adders
  2 oozes
  3 adder zombies (D:5)
  4 worms
  3 dart slugs
  4 leopard geckos
  2 orcs (D:4)
  A giant cockroach (D:1)
  3 goblins
  7 hobgoblins
  4 jackals (D:2)
  2 quokkas
  4 ball pythons
  4 bats
  3 frilled lizards
  9 kobolds
  5 rats
80 creatures vanquished.

Vanquished Creatures (others)
  An adder skeleton (D:4)
1 creature vanquished.

Grand Total: 81 creatures vanquished

Notes
Turn   | Place    | Note
-------+----------+-------------------------------------------
     0 | D:1      | Marcoleric the Gargoyle Fighter began the quest for the Orb.
     0 | D:1      | Reached XP level 1. HP: 14/14 MP: 1/1
   190 | D:1      | Reached XP level 2. HP: 16/19 MP: 2/2
   757 | D:2      | Reached XP level 3. HP: 21/23 MP: 3/3
   923 | D:2      | Reached XP level 4. HP: 21/29 MP: 4/4
  1260 | D:3      | Reached skill level 3 in Maces & Flails
  1539 | D:3      | Reached XP level 5. HP: 33/33 MP: 5/5
  1767 | D:4      | Noticed a slave
  1767 | D:4      | Noticed a slave
  1770 | D:4      | Noticed a slave
  1775 | D:4      | Noticed a slave
  1779 | D:4      | Noticed Pikel
  1783 | D:4      | Killed a slave
  1807 | D:4      | Killed Pikel
  1807 | D:4      | Reached skill level 5 in Maces & Flails
  1807 | D:4      | Reached skill level 1 in Dodging
  1807 | D:4      | Reached XP level 6. HP: 39/39 MP: 6/6
  1807 | D:4      | Reached XP level 7. HP: 44/44 MP: 7/7
  1894 | D:4      | Found Cefaiqic's Armour Shoppe.
  1977 | D:4      | Reached skill level 6 in Maces & Flails
  2136 | D:4      | Found a runed door.
  2140 | D:4      | Noticed Crazy Yiuf
  2144 | D:4      | Killed Crazy Yiuf
  2277 | D:4      | Noticed Blork the orc
  2299 | D:4      | Killed Blork the orc
  2308 | D:4      | Got a twisted trident
  3118 | D:5      | Entered Level 5 of the Dungeon
  3160 | D:5      | Reached skill level 5 in Fighting
  3246 | D:5      | Reached XP level 8. HP: 49/49 MP: 8/8
  3672 | D:5      | Reached skill level 7 in Maces & Flails
  3672 | D:5      | Reached skill level 5 in Shields
  3882 | D:5      | Found Gajyl's General Store.
  3967 | D:6      | Killed from afar by an orc priest

Skill      XL: |  1  2  3  4  5  6  7  8 |
---------------+-------------------------+-----
Maces & Flails | 3 5 6 7 |  7.1
Fighting       | 4 5 |  5.2
Armour         | 4 |  4.9
Dodging        | 1 |  1.1
Shields        | 4 5 |  5.0
Stealth        | |  0.3

Action                   |  1- 3 |  4- 6 |  7- 9 || total
-------------------------+-------+-------+-------++-------
Melee: Flail             |   107 |   143 |   149 ||   399
  Use: Potion            |     3 |     2 |     2 ||     7
       Scroll            |     4 |     2 |     4 ||    10
  Eat: Ration            |     1 |       |     2 ||     3
Armor: Scale mail        |    50 |       |       ||    50
       Chain mail        |    22 |   124 |    70 ||   216
Dodge: Dodged            |    44 |    39 |    29 ||   112
Block: Shield            |    78 |    82 |    83 ||   243
